[ AOE2 MATCH · #484179608 ]
1v1 RMBurgundians vs Turks
Rival team · LOSS
[ REPLAY ANALYSIS · EXTRACTED FROM THE RECORDED GAME ]
Feudal
11:49
Castle
16:04
Imperial
30:39
| APM avg | 26.7 |
| APM peak | 59 |
| eAPM avg | 15.2 |
| Villagers / military | 100 / 167 |
Focus
⚔️ 28.7% · 🌾 71.3%
Hand Cannoneer ×70 · Spearman ×53 · Skirmisher ×21 · Cavalry Archer ×14 · Trebuchet (Packed) ×6 · Monk ×2
Feudal
10:21
Castle
21:25
Imperial
34:30
| APM avg | 28.6 |
| APM peak | 69 |
| eAPM avg | 14.8 |
| Villagers / military | 99 / 103 |
Focus
⚔️ 27.3% · 🌾 72.7%
Cavalry Archer ×38 · Archer ×31 · Scout Cavalry ×25 · Spearman ×4 · Monk ×3 · Trebuchet (Packed) ×2
Match map
Initial resources + every placement click. Lines = walls · curves = elevation contours. ◆ gold · ⬟ stone · ● berries · ✦ relic · ◌ wall gap
Your base· Open — unwalled flank
sibosisu's base· ✓ Closed at 21:25 · 22t walls · 2 gate(s)
Smoothed initial terrain · ◌ = detected wall gap · hover for details
Inputs per minute
— CryAndDie - - sibosisu
Build order — CryAndDie
First 150 of 287 actions detected
| 0:01 | Create | Villager (Male) |
| 0:01 | Create | Villager (Male) |
| 0:01 | Create | Villager (Male) |
| 0:01 | Create | Villager (Male) |
| 0:02 | Build | House |
| 0:04 | Build | House |
| 1:25 | Create | Villager (Male) |
| 1:25 | Create | Villager (Male) |
| 2:02 | Create | Villager (Male) |
| 2:21 | Create | Villager (Male) |
| 2:53 | Create | Villager (Male) |
| 3:12 | Build | Lumber Camp |
| 3:15 | Create | Villager (Male) |
| 3:45 | Create | Villager (Male) |
| 3:49 | Build | House |
| 3:50 | Build | House |
| 3:55 | Build | House |
| 4:14 | Create | Villager (Male) |
| 4:14 | Create | Villager (Male) |
| 4:24 | Build | Mill |
| 4:31 | Create | Villager (Male) |
| 4:47 | Build | House |
| 4:54 | Create | Villager (Male) |
| 5:16 | Create | Villager (Male) |
| 5:17 | Create | Villager (Male) |
| 5:53 | Build | Farm |
| 6:13 | Create | Villager (Male) |
| 6:14 | Create | Villager (Male) |
| 6:22 | Build | Farm |
| 6:32 | Create | Villager (Male) |
| 6:54 | Research | Double-Bit Axe |
| 6:56 | Create | Villager (Male) |
| 7:36 | Create | Villager (Male) |
| 7:36 | Create | Villager (Male) |
| 7:37 | Create | Villager (Male) |
| 7:41 | Create | Villager (Male) |
| 9:26 | Build | Mining Camp |
| 9:28 | Research | Feudal Age |
| 9:47 | Build | Barracks |
| 10:24 | Build | House |
| 10:32 | Create | Villager (Male) |
| 10:32 | Create | Villager (Male) |
| 10:33 | Create | Villager (Male) |
| 11:39 | Build | Farm |
| 11:49 | Age | Feudal Age |
| 11:58 | Build | Archery Range |
| 12:03 | Build | Blacksmith |
| 12:05 | Create | Spearman |
| 13:24 | Research | Castle Age |
| 13:35 | Research | Horse Collar |
| 14:07 | Research | Heavy Plow |
| 14:33 | Research | Bow Saw |
| 14:49 | Build | Farm |
| 14:50 | Build | Farm |
| 14:51 | Build | Farm |
| 14:55 | Build | Farm |
| 15:04 | Research | Stone Mining |
| 15:16 | Build | Farm |
| 16:03 | Research | Wheelbarrow |
| 16:04 | Age | Castle Age |
| 16:11 | Build | Town Center |
| 16:20 | Build | Town Center |
| 16:37 | Build | Farm |
| 16:42 | Build | Farm |
| 16:47 | Research | Town Watch |
| 17:12 | Create | Villager (Male) |
| 17:13 | Create | Villager (Male) |
| 17:39 | Build | Farm |
| 17:42 | Create | Villager (Male) |
| 17:42 | Create | Villager (Male) |
| 17:43 | Create | Villager (Male) |
| 17:50 | Build | Farm |
| 17:59 | Build | Farm |
| 18:16 | Create | Villager (Male) |
| 18:20 | Create | Villager (Male) |
| 18:24 | Build | Farm |
| 18:27 | Build | Farm |
| 18:43 | Build | Farm |
| 18:45 | Build | Farm |
| 18:48 | Build | Farm |
| 18:49 | Create | Villager (Male) |
| 18:50 | Create | Villager (Male) |
| 18:52 | Build | Farm |
| 19:06 | Create | Villager (Male) |
| 19:20 | Create | Villager (Male) |
| 19:21 | Create | Villager (Male) |
| 19:37 | Create | Villager (Male) |
| 19:47 | Create | Villager (Male) |
| 19:47 | Create | Villager (Male) |
| 20:00 | Create | Villager (Male) |
| 20:00 | Create | Villager (Male) |
| 20:01 | Create | Villager (Male) |
| 20:12 | Build | Town Center |
| 20:18 | Build | House |
| 20:19 | Build | House |
| 20:19 | Build | House |
| 20:20 | Build | House |
| 20:21 | Create | Villager (Male) |
| 20:29 | Research | Gold Mining |
| 20:45 | Create | Villager (Male) |
| 20:52 | Create | Villager (Male) |
| 20:53 | Create | Villager (Male) |
| 21:11 | Create | Villager (Male) |
| 21:11 | Create | Villager (Male) |
| 21:11 | Create | Villager (Male) |
| 21:17 | Create | Villager (Male) |
| 21:38 | Build | Lumber Camp |
| 21:39 | Create | Villager (Male) |
| 21:39 | Create | Villager (Male) |
| 21:48 | Build | House |
| 21:49 | Build | House |
| 21:50 | Build | House |
| 21:52 | Build | House |
| 22:00 | Build | Farm |
| 22:02 | Build | Farm |
| 22:03 | Build | Farm |
| 22:11 | Build | Farm |
| 22:12 | Create | Villager (Male) ×4 |
| 22:37 | Create | Spearman |
| 22:38 | Create | Spearman |
| 22:40 | Create | Villager (Male) ×3 |
| 22:47 | Create | Villager (Male) |
| 22:59 | Create | Villager (Male) |
| 23:00 | Create | Villager (Male) |
| 23:01 | Create | Villager (Male) |
| 23:07 | Create | Villager (Male) |
| 23:28 | Build | Town Center |
| 23:29 | Create | Villager (Male) |
| 23:30 | Create | Villager (Male) |
| 23:33 | Create | Villager (Male) |
| 23:43 | Build | Farm |
| 23:46 | Build | Farm |
| 23:51 | Build | Farm |
| 23:52 | Build | Farm |
| 23:53 | Build | Farm |
| 23:58 | Create | Spearman |
| 23:59 | Create | Villager (Male) ×3 |
| 24:10 | Build | Castle |
| 24:12 | Create | Villager (Male) ×3 |
| 24:16 | Create | Villager (Male) |
| 24:20 | Build | Farm |
| 24:21 | Build | Farm |
| 24:23 | Build | Farm |
| 24:24 | Build | Farm |
| 24:25 | Build | Farm |
| 24:27 | Build | Farm |
| 24:28 | Build | Farm |
| 24:29 | Build | Farm |
| 24:31 | Create | Villager (Male) |
| 24:39 | Build | Farm |
Build order — sibosisu
First 150 of 275 actions detected
| 0:00 | Create | Villager (Male) |
| 0:01 | Create | Villager (Male) |
| 0:02 | Build | House |
| 0:03 | Build | House |
| 0:37 | Create | Villager (Male) |
| 0:50 | Create | Villager (Male) |
| 1:31 | Create | Villager (Male) |
| 1:57 | Build | Lumber Camp |
| 2:03 | Create | Villager (Male) |
| 2:33 | Create | Villager (Male) |
| 2:46 | Build | House |
| 2:54 | Create | Villager (Male) |
| 3:36 | Create | Villager (Male) |
| 3:36 | Create | Villager (Male) |
| 4:26 | Create | Villager (Male) |
| 4:26 | Create | Villager (Male) |
| 4:36 | Build | House |
| 5:10 | Create | Villager (Male) |
| 5:11 | Create | Villager (Male) |
| 5:11 | Create | Villager (Male) |
| 5:58 | Build | Mill |
| 6:11 | Create | Villager (Male) |
| 6:26 | Create | Villager (Male) |
| 6:40 | Build | Mill |
| 6:54 | Create | Villager (Male) |
| 7:26 | Create | Villager (Male) |
| 7:38 | Research | Loom |
| 7:53 | Build | Lumber Camp |
| 8:11 | Research | Feudal Age |
| 9:05 | Create | Villager (Male) |
| 9:18 | Build | Barracks |
| 9:30 | Build | House |
| 9:31 | Build | House |
| 9:41 | Build | Palisade Wall |
| 9:51 | Build | Palisade Wall |
| 9:56 | Build | Palisade Gate |
| 10:00 | Build | Palisade Wall |
| 10:09 | Create | Villager (Male) |
| 10:16 | Build | Mill |
| 10:19 | Create | Villager (Male) |
| 10:21 | Age | Feudal Age |
| 11:18 | Build | Archery Range |
| 11:26 | Build | House |
| 11:27 | Build | House |
| 11:36 | Build | Palisade Wall |
| 11:37 | Build | Palisade Wall |
| 11:42 | Create | Villager (Male) |
| 11:42 | Create | Villager (Male) |
| 11:52 | Build | Palisade Wall |
| 11:59 | Create | Villager (Male) |
| 12:18 | Build | Blacksmith |
| 12:25 | Build | House |
| 12:39 | Build | House |
| 12:44 | Build | House |
| 12:54 | Create | Villager (Male) |
| 12:58 | Create | Archer |
| 12:58 | Create | Archer |
| 13:05 | Build | Mining Camp |
| 13:18 | Build | Palisade Gate |
| 13:31 | Create | Villager (Male) |
| 13:31 | Create | Villager (Male) |
| 13:35 | Research | Double-Bit Axe |
| 13:46 | Create | Villager (Male) |
| 13:54 | Research | Horse Collar |
| 13:57 | Build | Farm |
| 13:57 | Build | Farm |
| 13:57 | Build | Farm |
| 13:58 | Build | Farm |
| 13:58 | Build | Farm |
| 14:04 | Build | Farm |
| 14:26 | Create | Archer |
| 14:34 | Build | Farm |
| 14:36 | Build | Farm |
| 14:42 | Create | Villager (Male) |
| 14:48 | Build | Farm |
| 14:52 | Build | Farm |
| 15:01 | Build | Farm |
| 15:07 | Build | Farm |
| 15:13 | Research | Fletching |
| 15:20 | Create | Archer |
| 15:24 | Create | Villager (Male) |
| 15:25 | Create | Villager (Male) |
| 15:26 | Create | Villager (Male) |
| 15:30 | Build | Farm |
| 15:40 | Build | Farm |
| 15:49 | Build | Farm |
| 15:50 | Create | Villager (Male) |
| 15:53 | Create | Archer |
| 16:02 | Create | Spearman |
| 16:06 | Create | Spearman |
| 16:19 | Create | Spearman |
| 16:29 | Create | Archer |
| 16:32 | Create | Villager (Male) |
| 16:38 | Build | Farm |
| 16:42 | Build | Farm |
| 16:47 | Build | Farm |
| 17:07 | Build | Farm |
| 17:22 | Create | Villager (Male) |
| 17:25 | Build | Farm |
| 17:49 | Create | Villager (Male) |
| 17:52 | Build | Farm |
| 18:09 | Create | Archer |
| 18:17 | Create | Villager (Male) |
| 18:34 | Research | Castle Age |
| 18:42 | Build | Farm |
| 18:42 | Build | Farm |
| 18:43 | Build | Farm |
| 18:43 | Build | Farm |
| 19:02 | Build | Palisade Wall |
| 19:14 | Create | Villager (Male) |
| 19:23 | Create | Archer |
| 19:23 | Create | Archer |
| 19:35 | Build | Stable |
| 19:42 | Build | House |
| 20:03 | Create | Villager (Male) |
| 20:09 | Research | Padded Archer Armor |
| 20:22 | Create | Archer |
| 20:22 | Create | Archer |
| 20:23 | Create | Archer |
| 20:27 | Create | Spearman |
| 20:50 | Create | Scout Cavalry |
| 20:50 | Create | Scout Cavalry |
| 20:50 | Create | Scout Cavalry |
| 20:50 | Create | Scout Cavalry |
| 20:50 | Create | Scout Cavalry |
| 20:57 | Build | Stable |
| 21:02 | Research | Bloodlines |
| 21:06 | Research | Scale Barding Armor |
| 21:07 | Research | Forging |
| 21:09 | Create | Villager (Male) |
| 21:09 | Create | Villager (Male) |
| 21:15 | Create | Archer |
| 21:16 | Create | Archer |
| 21:25 | Age | Castle Age |
| 21:30 | Research | Crossbowman (upgrade) |
| 21:37 | Research | Bodkin Arrow |
| 21:45 | Create | Scout Cavalry |
| 22:06 | Create | Archer |
| 22:06 | Create | Archer |
| 22:06 | Create | Archer |
| 22:31 | Build | Town Center |
| 22:41 | Build | Monastery |
| 22:44 | Create | Archer |
| 23:12 | Create | Villager (Male) |
| 23:12 | Create | Villager (Male) |
| 23:12 | Create | Villager (Male) |
| 23:24 | Research | Bow Saw |
| 23:41 | Create | Monk |
| 23:42 | Create | Monk |
| 23:57 | Build | House |
Match timeline
| 9:18 | sibosisu · first_building Barracks |
| 9:41 | sibosisu · wall_segment Palisade Wall x7 |
| 9:47 | CryAndDie · first_building Barracks |
| 9:51 | sibosisu · wall_segment Palisade Wall x5 |
| 10:00 | sibosisu · wall_segment Palisade Wall x1 |
| 10:21 | sibosisu · age_up feudal |
| 11:18 | sibosisu · first_building Archery Range |
| 11:36 | sibosisu · wall_segment Palisade Wall x6 |
| 11:37 | sibosisu · wall_segment Palisade Wall x1 |
| 11:49 | CryAndDie · age_up feudal |
| 11:52 | sibosisu · wall_segment Palisade Wall x1 |
| 11:58 | CryAndDie · first_building Archery Range |
| 16:04 | CryAndDie · age_up castle |
| 19:02 | sibosisu · wall_segment Palisade Wall x1 |
| 19:35 | sibosisu · first_building Stable |
| 21:25 | sibosisu · age_up castle |
| 22:41 | sibosisu · first_building Monastery |
| 24:10 | CryAndDie · first_building Castle |
| 27:01 | CryAndDie · first_building Monastery |
| 30:05 | sibosisu · first_market_buy 100 stone |
| 30:25 | sibosisu · first_building Castle |
| 30:39 | CryAndDie · age_up imperial |
| 31:11 | sibosisu · first_market_sell 100 wood |
| 34:30 | sibosisu · age_up imperial |
| 36:04 | CryAndDie · first_building Siege Workshop |
| 38:50 | sibosisu · resign |
[ AI ANALYSIS · 1 CREDIT ]
What really happened in this match?
Wolo.gg analyzes every decision: build order, eco, micro, common mistakes by bracket. Personalized analysis on WhatsApp or Discord in 30 seconds.
Civ guide
Burgundians
Map guide
Kilimanjaro
Perfil
CryAndDie